 Dungeon Crawl Stone Soup version 0.21-a0-426-g98080a9 (webtiles) character file.

7214 tof the Carver (level 10, -4/90 HPs)
             Began as a Minotaur Berserker on Nov 5, 2017.
             Was a High Priest of Trog.
             Slain by a big kobold
             ... wielding a +1 war axe of electrocution
              (20 damage)
             ... on level 9 of the Dungeon.
             The game lasted 00:24:44 (10166 turns).

tof the Carver (Minotaur Berserker)                Turns: 10166, Time: 00:24:44

Health: -4/90      AC: 19    Str: 22    XL:     10   Next: 87%
Magic:  9/9        EV: 10    Int:  7    God:    Trog [*****.]
Gold:   331        SH:  0    Dex: 13    Spells: 9/9 levels left

rFire    . . .     SeeInvis +   a - +1 great sword (elec)
rCold    + . .     Gourm    .   (shield currently unavailable)
rNeg     . . .     Faith    +   s - +4 plate armour
rPois    +         Spirit   .   (helmet restricted)
rElec    .         Reflect  .   (no cloak)
rCorr    .         Harm     .   u - +0 pair of gloves
MR       .....                  (no boots)
Stlth    ..........             w - amulet "Qigaam" {Faith rPois rC+ Int+3 SInv}
HPRegen  0.25/turn              (no ring)
MPRegen  0.11/turn              (no ring)

@: berserk cooldown, slowed, very slow
A: retaliatory headbutt, horns 2, blink, mutation resistance 1, screaming 2
a: Blink, Berserk, Trog's Hand, Brothers in Arms, Burn Spellbooks, Renounce
Religion


You were on level 9 of the Dungeon.
You worshipped Trog.
Trog was extremely pleased with you.
You were very hungry.

You visited 1 branch of the dungeon, and saw 9 of its levels.
You also visited: Bailey.

You collected 474 gold pieces.
You spent 143 gold pieces at shops.

Inventory:

Hand Weapons
 a - a +1 great sword of electrocution (weapon)
 b - a +0 blowgun
Missiles
 d - 36 tomahawks
 l - 61 poisoned needles
 v - 8 curare-tipped needles
 y - 4 javelins of returning
 C - 2 steel tomahawks (quivered)
 D - 35 tomahawks of returning
 E - 4 needles of confusion
Armour
 s - a +4 plate armour (worn)
 u - a +0 pair of gloves (worn)
Jewellery
 w - the amulet "Qigaam" (around neck) {Faith rPois rC+ Int+3 SInv}
   (You found it on level 6 of the Dungeon)

   [amulet of faith]

   It allows you to gain divine favour quickly.
   It affects your intelligence (+3).
   It protects you from cold.
   It protects you from poison.
   It lets you see invisible.
 J - an uncursed amulet of rage {unknown}
Wands
 z - a wand of acid (7/15)
 I - a wand of paralysis (13/24)
Scrolls
 e - 7 scrolls of remove curse
 f - 6 scrolls of teleportation
 i - 3 scrolls of recharging
 n - a scroll of fog
 o - 2 scrolls of noise {unknown}
 x - a scroll of blinking {unknown}
 F - 2 scrolls of enchant weapon {unknown}
Potions
 c - a potion of degeneration {unknown}
 g - 2 potions of lignification
 j - 3 potions of haste {unknown}
 m - 4 potions of flight {unknown}
 p - 6 potions of might
 q - 3 potions of resistance
 t - 2 potions of curing
 A - 2 potions of experience {unknown}
 G - 2 potions of agility {unknown}
Comestibles
 h - 7 royal jellies
 k - 4 meat rations
 r - 7 fruits
 B - a bread ration


   Skills:
 + Level 8.9 Fighting
 * Level 12.0 Long Blades
 + Level 6.8 Throwing
 + Level 8.6 Armour
 + Level 7.8 Dodging


You had 9 spell levels left.
You didn't know any spells.

Dungeon Overview and Level Annotations

Branches:
Dungeon (9/15)             Temple (0/1) D:6
   Lair: D:8-11         Orc: D:9-12

Altars:
Ashenzari
Dithmenos
Gozag
Makhleb
Nemelex Xobeh
Ru
Wu Jian
Yredelemnul

Shops:
D:5 ![

Annotations:
D:9 exclusion: obsidian statue


Innate Abilities, Weirdness & Mutations

You reflexively headbutt those who attack you in melee.
You have a pair of horns on your head.
You can translocate small distances at will.
You are somewhat resistant to further mutation.
You sometimes yell uncontrollably at your foes.


Message History

You headbutt the kobold.
You kill the kobold!
Trog accepts your kill.
The kobold unwields an uncursed blowgun.
The kobold wields an uncursed antimagic dagger.
The kobold misses you. You furiously retaliate!
You headbutt the kobold.
You kill the kobold!
Trog accepts your kill. The orc barely misses you. You furiously retaliate!
You headbutt the orc, but do no damage. The big kobold closely misses you.
The orc closely misses you.
You miss the big kobold. Your headbutt misses the big kobold.
The big kobold is moderately wounded.
You are feeling very hungry.
The orc hits you but does no damage.
The orc hits you from afar with a trident.
* * * LOW HITPOINT WARNING * * *
The big kobold hits you but does no damage.
You are electrocuted!
You die...

########'#........
#.####+#### #.#
#.#### #....# ####
# #=...# .(######..
#....# #........:
#....####?).....##
#..(.'.(K@)o....#8
###)..####)o.....##
+..)..# #........}
##....# #.........
#....# #.........
#....# #.........
#....# #.........
#....# #.........
#.####


You could see a big kobold and 2 orcs.

Vanquished Creatures
  Pikel (D:6)
  2 cyclopes (D:7)
  A kobold demonologist (D:8)
  Grinder (D:6)
  A hungry ghost (D:6)
  Menkaure (D:4)
  Edmund (D:5)
  A sky beast (D:7)
  8 orc warriors
  An ice beast (D:7)
  2 slaves (D:6)
  A necrophage (D:7)
  2 phantoms
  5 ogres
  A crocodile (D:9)
  3 centaurs
  8 bullfrogs
  9 big kobolds (D:8)
  A wyvern zombie (D:7)
  2 scorpions
  4 crimson imps
  5 hounds
  3 jellies (D:7)
  3 orc priests
  A bullfrog skeleton (D:5)
  14 orc wizards
  2 centaur skeletons
  An iguana (D:9)
  5 worker ants
  A worker ant zombie (D:5)
  Robin (D:3)
  A howler monkey skeleton (D:4)
  6 adders
  3 shadow imps
  An adder skeleton (D:7)
  An adder zombie (D:7)
  2 worms
  3 dart slugs
  4 leopard geckos
  41 orcs
  6 giant cockroaches
  12 goblins
  12 hobgoblins
  4 jackals (D:7)
  30 kobolds
  4 quokkas
  A ball python (D:2)
  7 bats
  4 frilled lizards
  2 gnoll zombies (D:9)
  2 jackal skeletons
  A quokka skeleton (D:7)
  A quokka zombie (D:8)
  4 rats
244 creatures vanquished.

Vanquished Creatures (collateral kills)
  An orc warlord (Bailey)
1 creature vanquished.

Vanquished Creatures (others)
  A crimson imp (D:6)
1 creature vanquished.

Grand Total: 246 creatures vanquished

Notes
Turn   | Place    | Note
-------+----------+-------------------------------------------
     0 | D:1      | tof the Minotaur Berserker began the quest for the Orb.
     0 | D:1      | Reached XP level 1. HP: 19/19 MP: 0/0
   255 | D:1      | Reached XP level 2. HP: 22/27 MP: 1/1
   270 | D:1      | Reached skill level 4 in Long Blades
  1335 | D:2      | Found a burning altar of Makhleb.
  1418 | D:2      | Found an opulent altar of Gozag.
  1472 | D:2      | Found a sparkling altar of Nemelex Xobeh.
  1716 | D:2      | Reached XP level 3. HP: 33/33 MP: 2/2
  2192 | D:3      | Reached skill level 1 in Throwing
  2386 | D:3      | Noticed Robin
  2388 | D:3      | Reached ** piety under Trog
  2396 | D:3      | Killed Robin
  2396 | D:3      | Reached XP level 4. HP: 40/40 MP: 3/3
  2678 | D:3      | Reached skill level 5 in Long Blades
  2678 | D:3      | Reached XP level 5. HP: 15/46 MP: 4/4
  3550 | D:4      | Noticed Menkaure
  3560 | D:4      | Killed Menkaure
  3560 | D:4      | Reached skill level 6 in Long Blades
  3560 | D:4      | Reached XP level 6. HP: 33/55 MP: 5/5
  3811 | D:4      | Found a sacrificial altar of Ru.
  3822 | D:4      | Reached skill level 5 in Fighting
  3981 | D:4      | Found a shattered altar of Ashenzari.
  4200 | D:5      | Entered Level 5 of the Dungeon
  4251 | D:5      | Reached XP level 7. HP: 61/61 MP: 6/6
  4292 | D:5      | Reached *** piety under Trog
  4320 | D:5      | Found Mafoid's Armour Emporium.
  4360 | D:5      | Noticed Edmund
  4374 | D:5      | Killed Edmund
  4374 | D:5      | Reached skill level 7 in Long Blades
  4525 | D:5      | Found Feobocieg's Distillery.
  4533 | D:5      | Bought a potion of resistance for 110 gold pieces
  4533 | D:5      | Bought a potion of curing for 33 gold pieces
  4595 | D:5      | Reached skill level 5 in Armour
  4608 | D:5      | Reached XP level 8. HP: 50/70 MP: 7/7
  4786 | D:5      | Found a shadowy altar of Dithmenos.
  5268 | D:6      | Noticed Grinder
  5268 | D:6      | Paralysed by Grinder for 3 turns
  5286 | D:6      | Killed Grinder
  5322 | D:6      | Reached skill level 8 in Long Blades
  5329 | D:6      | Reached skill level 5 in Dodging
  5422 | D:6      | Found a staircase to the Ecumenical Temple.
  5442 | D:6      | Noticed Pikel
  5468 | D:6      | Killed Pikel
  5468 | D:6      | Reached skill level 9 in Long Blades
  5743 | D:6      | Got a crude silver amulet
  5744 | D:6      | Identified the amulet "Qigaam" {Faith rPois rC+ Int+3 SInv} (You found it on level 6 of the Dungeon)
  5879 | D:6      | Reached XP level 9. HP: 78/78 MP: 8/8
  5915 | D:6      | Received a gift from Trog
  6409 | D:7      | Noticed a cyclops
  6743 | D:7      | Killed a cyclops
  6743 | D:7      | Reached skill level 5 in Throwing
  6823 | D:7      | Reached skill level 10 in Long Blades
  6921 | D:7      | Noticed a cyclops
  7198 | D:7      | Killed a cyclops
  7339 | D:7      | Reached **** piety under Trog
  7381 | D:7      | Gained mutation: You can translocate small distances at will. [mutagenic meat]
  7382 | D:7      | Gained mutation: You occasionally shout uncontrollably at your foes. [mutagenic meat]
  7383 | D:7      | Gained mutation: You sometimes yell uncontrollably at your foes. [mutagenic meat]
  7384 | D:7      | Gained mutation: You are somewhat resistant to further mutation. [mutagenic meat]
  7727 | D:7      | Found an ornate altar of the Wu Jian Council.
  7734 | D:7      | Reached XP level 10. HP: 88/88 MP: 9/9
  7858 | D:8      | Noticed a soul eater
  7888 | D:8      | Reached skill level 11 in Long Blades
  8224 | D:8      | Reached ***** piety under Trog
  8338 | D:8      | Found a flagged portal.
  8346 | Bailey   | Entered a bailey
  8371 | Bailey   | Noticed an orc warlord
  8567 | Bailey   | Received a gift from Trog
  8603 | Bailey   | Found a runed gate.
  8603 | Bailey   | Found a runed gate.
  8622 | Bailey   | Found a runed gate.
  8880 | Bailey   | Killed an orc warlord
  9979 | D:9      | Found a basalt altar of Yredelemnul.
 10153 | D:9      | Noticed an obsidian statue
 10160 | D:9      | Reached skill level 12 in Long Blades
 10166 | D:9      | Slain by a big kobold

Vault maps used:
D:1:      grunt_arrival_crossed_arrows, minmay_distorted
D:2:      lightli_temple_of_fire, nicolae_gozag_cash_rules_everything_around_me,
          nemelex_spade_bored_becter
D:3:      first_bread, uniq_robin
D:4:      nicolae_ru_great_annihilating_truth, nicolae_ashenzari_panopticon,
          uniq_menkaure
D:5:      grunt_dithmenos_smoke, serial_shops, shop, shop_statue, uniq_edmund
D:6:      minmay_temple_entry_crystal_x, uniq_grinder, uniq_pikel
D:7:      cheibrodos_fzero, kennysheep_mini_moat
D:8:      special_room, enter_bailey_2
D:9:      lemuel_zombie_altar_yredelemnul, lemuel_coloured_pillars_altar,
          hangedman_fish_farm, minmay_protected_statue
Bailey:   bailey_axe_bossmonster_kennysheep, bailey

Skill      XL: |  1  2  3  4  5  6  7  8  9 10 |
---------------+-------------------------------+-----
Long Blades    | 4 5 6 7 9 10 12 | 12.0
Fighting       | 4 5 6 7 8 |  8.9
Throwing       | 1 2 3 4 5 6 |  6.8
Armour         | 3 4 5 6 7 8 |  8.6
Dodging        | 3 4 5 6 7 |  7.8

Action                   |  1- 3 |  4- 6 |  7- 9 | 10-12 || total
-------------------------+-------+-------+-------+-------++-------
Melee: Falchion          |   110 |   103 |   255 |       ||   468
       Headbutt          |    20 |    25 |    75 |    30 ||   150
       Great sword       |       |       |     1 |   144 ||   145
Throw: Tomahawk          |     3 |     7 |     6 |    15 ||    31
       Javelin           |       |       |    22 |    28 ||    50
Invok: Berserk           |     1 |       |     3 |     3 ||     7
       Trog's Hand       |       |     2 |     1 |     1 ||     4
       Brothers in Arms  |       |       |       |     1 ||     1
  Use: Scroll            |     6 |     1 |     2 |     1 ||    10
       Potion            |       |       |       |     1 ||     1
 Stab: Paralysed         |       |     1 |       |       ||     1
  Eat: Chunk             |     5 |     6 |    17 |     6 ||    34
       Bread ration      |       |       |     2 |     1 ||     3
Armor: Animal skin       |     7 |       |       |       ||     7
       Plate armour      |    77 |    99 |   183 |   225 ||   584
Dodge: Dodged            |    41 |    52 |   100 |   203 ||   396
       Rpst.: Falchion   |     9 |     9 |    32 |       ||    50
       Great sword       |       |       |       |    39 ||    39

Table legend:
 A = Spawn XP
 B = Non-spawn XP
 C = Spawn XP percentage of total XP
 D = Spawn monster count
 E = Non-spawn monster count
 F = Spawn count percentage of total count
 G = Total turns spent on level
                    A         B        C        D         E        F      G
               +---------+---------+-------+---------+---------+-------+---------
         Total |       0 |   10307 |   0.0 |       0 |     243 |   0.0 | 10166
               +---------+---------+-------+---------+---------+-------+---------
           D:1 |       0 |      29 |   0.0 |       0 |      14 |   0.0 |  1189
           D:2 |       0 |      22 |   0.0 |       0 |      11 |   0.0 |   902
           D:3 |       0 |     165 |   0.0 |       0 |      30 |   0.0 |  1120
           D:4 |       0 |     431 |   0.0 |       0 |      21 |   0.0 |   989
           D:5 |       0 |     937 |   0.0 |       0 |      26 |   0.0 |  1053
           D:6 |       0 |    1666 |   0.0 |       0 |      14 |   0.0 |  1605
           D:7 |       0 |    2281 |   0.0 |       0 |      30 |   0.0 |   969
           D:8 |       0 |    2294 |   0.0 |       0 |      39 |   0.0 |  1073
           D:9 |       0 |    1334 |   0.0 |       0 |      31 |   0.0 |   473
        Bailey |       0 |    1148 |   0.0 |       0 |      27 |   0.0 |   793
               +---------+---------+-------+---------+---------+-------+---------
